 Dungeon Crawl Stone Soup version 0.30-a0-883-g5ad918d77d (webtiles) character file.

Game seed: 17051389589916948420

480520 jasper the Ninja (level 23, 0/150 HPs)
             Began as a Vampire Gladiator on Mar 15, 2023.
             Was a Priest of Uskayaw.
             Slain by a black draconian knight
             ... wielding a +4 heavy great mace
              (22 damage)
             ... on level 2 of the Realm of Zot on Mar 16, 2023.
             The game lasted 02:20:33 (43756 turns).

jasper the Ninja (Vampire Gladiator)               Turns: 43756, Time: 02:20:33

Health: 0/150      AC: 39    Str: 13    XL:     23   Next: 40%
Magic:  33/43      EV: 31    Int:  8    God:    Uskayaw [***...]
Gold:   3034       SH: 21    Dex: 27    Spells: 22/22 levels left

rFire   + + +      SeeInvis +    I - +9 dagger (distort)
rCold   + + .      Faith    .    Y - +5 kite shield {AC+3}
rNeg    + + +      Spirit   .    Q - +18 Cigotuvi's embrace {Corpsefed rMiasma Drain rN+}
rPois   ∞          Reflect  .    c - +2 helmet
rElec   +          Rampage  +    C - +2 cloak {Will+}
rCorr   .          Harm     + .  M - +2 pair of gloves of Jarojeja {Regen+ Int+2 Dex-3}
Will    ++...                    i - +1 pair of boots of Foolhardiness {Rampage rPois Slay+2} Stlth **++++++++
                                 l - amulet of the Enemy {RegenMP Harm rF+++ Will- Int-2}
HPRegen 0.00/turn                t - ring "Measewk" {rElec MP+9 Int-5 Dex+6 SInv}
MPRegen 0.68/turn                g - +4 ring of slaying

@: bloodless, inhibited regen, studying Throwing
A: bloodless, fangs 3, see invisible, vampiric 2
}: 3/15 runes: decaying, abyssal, gossamer
a: Bat Form, Revivify, Renounce Religion, Stomp, Line Pass


You were on level 2 of the Realm of Zot.
You worshipped Uskayaw.
Uskayaw was pleased with you.
You visited 10 branches of the dungeon, and saw 42 of its levels.
You visited the Abyss 2 times.
You also visited: Ossuary, Bailey, Gauntlet, Ice Cave and Wizlab.

You collected 6424 gold pieces.
You spent 3390 gold pieces at shops.

Inventory:

Hand Weapons
 I - a +9 dagger of distortion (weapon)
Missiles
 d - 5 throwing nets (quivered)
 j - 3 javelins
Armour
 c - a +2 helmet (worn)
 i - the +1 pair of boots of Foolhardiness (worn) {Rampage rPois Slay+2}
   (You found it in a Gauntlet)

   Slay:      It affects your accuracy & damage with ranged weapons and melee
   (+2).
   rPois:     It protects you from poison.
   Rampage:   It bestows one free step when moving towards enemies.
 s - a +2 cloak of cold resistance
 C - a +2 cloak of willpower (worn)
 M - the +2 pair of gloves of Jarojeja (worn) {Regen+ Int+2 Dex-3}
   (You acquired it in a Gauntlet)

   Int:       It affects your intelligence (+2).
   Dex:       It affects your dexterity (-3).
   Regen:     It increases your rate of health regeneration.
 Q - the +18 Cigotuvi's embrace (worn) {Corpsefed rMiasma Drain rN+}
   (You took it off a deep elf annihilator on level 3 of the Elven Halls)

   Corpsefed: It gathers nearby corpses to temporarily increase the armour it
   provides.
   rMiasma:   It protects you from foul pestilence.
   rN:        It protects you from negative energy.
   Drain:     It drains your maximum health when unequipped.
 Y - a +5 kite shield of protection (worn)
Jewellery
 e - a ring of protection from fire
 g - a +4 ring of slaying (right hand)
 l - the amulet of the Enemy (around neck) {RegenMP Harm rF+++ Will- Int-2}
   (You bought it in a shop on level 1 of the Depths)

   [amulet of magic regeneration]

   It increases your rate of magic regeneration.
   Int:       It affects your intelligence (-2).
   rF:        It renders you almost immune to fire.
   Harm:      It increases damage dealt and taken.
   Will:      It decreases your willpower.
 t - the ring "Measewk" (left hand) {rElec MP+9 Int-5 Dex+6 SInv}
   (You found it on level 3 of the Spider Nest)

   [ring of dexterity]

   Int:       It affects your intelligence (-5).
   Dex:       It affects your dexterity (+6).
   rElec:     It insulates you from electricity.
   MP:        It affects your magic capacity (+9).
   SInv:      It lets you see invisible.
 y - the amulet of Ytoynavi {Reflect rN+ SH+5}
   (You found it in a Gauntlet)

   [amulet of reflection]

   It reflects blocked missile attacks.
   rN:        It protects you from negative energy.
   SH:        It affects your SH (+5).
 D - an amulet of guardian spirit
 T - a ring of resist corrosion
Wands
 f - a wand of iceblast (33)
 E - a wand of digging (24)
 G - a wand of charming (16)
 L - a wand of quicksilver (24)
 Z - a wand of flame (67)
Scrolls
 m - 2 scrolls of amnesia
 u - 4 scrolls of silence
 v - 2 scrolls of summoning
 w - 20 scrolls of teleportation
 x - 8 scrolls of vulnerability
 z - a scroll of torment
 A - 6 scrolls of poison
 B - 33 scrolls of identify
 F - 2 scrolls of magic mapping
 N - 9 scrolls of fog
 R - 7 scrolls of immolation
 V - a scroll of fear
 X - 5 scrolls of brand weapon
Potions
 a - 5 potions of cancellation
 b - 5 potions of might
 h - 7 potions of resistance
 k - 2 potions of magic
 n - 12 potions of flight
 o - 6 potions of mutation
 p - 6 potions of haste
 q - 17 potions of curing
 H - 16 potions of ambrosia
 J - 16 potions of lignification
 K - 2 potions of invisibility
 O - 10 potions of brilliance
 P - 11 potions of heal wounds
Miscellaneous
 r - a lightning rod (4/4)
 S - a phantom mirror
 U - a condenser vane (inert)
 W - a tin of tremorstones (1/2)


   Skills:
 + Level 17.3 Fighting
 - Level 10.0 Short Blades
 - Level 1.5 Throwing
 + Level 15.7 Armour
 + Level 20.2 Dodging
 O Level 27 Stealth
 - Level 15.0 Shields
 + Level 15.6 Invocations
 - Level 1.2 Evocations


You had 22 spell levels left.
You didn't know any spells.
Your spell library contained the following spells:

 Spells                   Type           Power      Damage    Failure   Level
 Apportation              Tloc           0%         N/A       65%         1
 Beastly Appendage        Tmut           0%         N/A       65%         1
 Foxfire                  Conj/Fire      0%         2x1d4     65%         1
 Kiss of Death            Conj/Necr      0%         2d5       65%         1
 Magic Dart               Conj           0%         1d3       65%         1
 Call Imp                 Summ           0%         N/A       80%         2
 Cigotuvi's Dreadful Rot  Necr/Pois/Air  0%         N/A       80%         2
 Ensorcelled Hibernation  Hex/Ice        0%         N/A       80%         2
 Momentum Strike          Conj/Tloc      0%         3d8       80%         2
 Scorch                   Fire           0%         2d5       80%         2
 Sublimation of Blood     Necr           0%         N/A       80%         2
 Wereblood                Tmut           0%         N/A       80%         2
 Call Canine Familiar     Summ           0%         N/A       95%         3
 Confusing Touch          Hex            0%         N/A       95%         3
 Gell's Gravitas          Tloc           0%         N/A       95%         3
 Inner Flame              Hex/Fire       0%         N/A       95%         3
 Mephitic Cloud           Conj/Pois/Air  0%         N/A       95%         3
 Ozocubu's Armour         Ice            0%         N/A       95%         3
 Portal Projectile        Hex/Tloc       0%         N/A       95%         3
 Spider Form              Tmut/Pois      0%         N/A       95%         3
 Stone Arrow              Conj/Erth      0%         3d7       95%         3
 Teleport Other           Tloc           0%         N/A       95%         3
 Tukima's Dance           Hex            0%         N/A       95%         3
 Airstrike                Air            0%         2d(0-16)  100%        4
 Anguish                  Hex/Necr       0%         N/A       100%        4
 Animate Armour           Summ/Erth      0%         N/A       100%        4
 Cause Fear               Hex            0%         N/A       100%        4
 Dispel Undead            Necr           0%         3d6       100%        4
 Flame Wave               Conj/Fire      0%         2d4       100%        4
 Iskenderun's Mystic Bla  Conj/Tloc      0%         2d3       100%        4
 Leda's Liquefaction      Hex/Erth       0%         N/A       100%        4
 Manifold Assault         Tloc           0%         N/A       100%        4
 Olgreb's Toxic Radiance  Pois           0%         N/A       100%        4
 Passage of Golubria      Tloc           0%         N/A       100%        4
 Petrify                  Tmut/Erth      0%         N/A       100%        4
 Sticky Flame             Conj/Fire      0%         2d3       100%        4
 Summon Lightning Spire   Summ/Air       0%         N/A       100%        4
 Arcjolt                  Conj/Air       0%         1d10      100%        5
 Blade Hands              Tmut           0%         N/A       100%        5
 Fireball                 Conj/Fire      0%         3d3       100%        5
 Freezing Cloud           Conj/Ice/Air   0%         6-21      100%        5
 Irradiate                Conj/Tmut      0%         3d11      100%        5
 Iskenderun's Battlesphe  Conj           0%         2d6       100%        5
 Lee's Rapid Deconstruct  Erth           0%         3d4*      100%        5
 Summon Forest            Summ/Tloc      0%         N/A       100%        5
 Yara's Violent Unravell  Hex/Tmut       0%         3d3       100%        5
 Conjure Ball Lightning   Conj/Air       0%         3x3d6     100%        6
 Death Channel            Necr           0%         N/A       100%        6
 Dispersal                Tloc           0%         N/A       100%        6
 Iron Shot                Conj/Erth      0%         9d1       100%        6
 Statue Form              Tmut/Erth      0%         N/A       100%        6
 Summon Cactus Giant      Summ           0%         N/A       100%        6
 Dragon Form              Tmut           0%         N/A       100%        7
 Enfeeble                 Hex            0%         N/A       100%        7
 Orb of Destruction       Conj           0%         9d5       100%        7
 Ozocubu's Refrigeration  Ice            0%         4d7       100%        7
 Spellforged Servitor     Conj/Summ      0%         N/A       100%        7
 Storm Form               Tmut/Air       0%         N/A       100%        7
 Discord                  Hex            0%         N/A       100%        8
 Ignition                 Fire           0%         3d3       100%        8
 Lehudib's Crystal Spear  Conj/Erth      0%         10d2      100%        8
 Maxwell's Capacitive Co  Air            0%         ∞         100%        8
 Shatter                  Erth           0%         3d5*      100%        9


Dungeon Overview and Level Annotations

Branches:
Dungeon (15/15)            Temple (1/1) D:4            Lair (5/5) D:10
  Swamp (4/4) Lair:3       Spider (4/4) Lair:2        Slime (0/5) Lair:5
    Orc (2/2) D:11            Elf (3/3) Orc:2        Vaults (2/5) D:14
 Depths (4/4) D:15            Zot (2/5) Depths:4    Ossuary (visited)
 Bailey (visited)           IceCv (visited)          WizLab (visited)
Gauntlet (visited)
  Crypt: Vaults:2-3

Altars:
Ashenzari
Cheibriados
Dithmenos
Fedhas
Gozag
Hepliaklqana
Kikubaaqudgha
Makhleb
Nemelex Xobeh
Okawaru
Qazlal
Ru
Sif Muna
Trog
Uskayaw
Vehumet
Wu Jian
Xom
Yredelemnul
Jiyva

Shops:
D:1 *   D:4 (   D:5 (=([   D:8 *   D:14 =   Orc:2 **!=   Elf:1 *   Depths:1 *:=
Depths:4 *

Portals:
Hell: Depths:1 Depths:2 Depths:3
Abyss: Depths:1 Depths:3
Trove: Elf:2 (give 2 scrolls of acquirement)

Annotations:
D:3 1 runed translucent door, Crazy Yiuf
D:8 1 runed translucent door
Spider:2 Roxanne
Elf:2 3 runed translucent doors
Abyss:1 Teroaxtu's ghost, journeyman KoEn


Innate Abilities, Weirdness & Mutations

You do not regenerate when monsters are visible.
You are frail without blood (-20% HP).
You can heal yourself when you bite living creatures.
You are immune to poison.
You have razor-sharp teeth.
You have supernaturally acute eyesight. (SInv)
You are afflicted with vampirism and can become a bat while bloodless.


Message History

The black draconian is heavily wounded.
The purple draconian is almost dead.
The black draconian is severely wounded.
The black draconian knight is severely wounded.
The black draconian is heavily wounded.
The black draconian knight completely misses you.
The purple draconian barely misses you.
The black draconian hits you with a +0 war axe!
* * * LOW HITPOINT WARNING * * *
The black draconian breathes lightning at you.
The bolt of lightning misses you. The bolt of lightning hits you! You resist.
* * * LOW HITPOINT WARNING * * *
The black draconian hits you but does no damage.
The purple draconian closely misses you.
Uskayaw will force your foes to share their pain.
You take 32 damage, and have 22/150 hp.
MASSIVE DAMAGE!!
You now have 38/43 mp.
You stomp with the beat, sending a shockwave through the revellers around you!
The black draconian is severely wounded.
The purple draconian is almost dead.
The black draconian is almost dead.
The black draconian knight is almost dead.
The black draconian is almost dead.
The black draconian knight breathes lightning at you.
The bolt of lightning misses you.
The purple draconian hits you but does no damage.
The black draconian misses you. You block the black draconian's attack.
The black draconian misses you.
The purple draconian completely misses you.
Uskayaw will force your foes to share their pain.
You now have 36/43 mp.
You stomp with the beat, sending a shockwave through the revellers around you!
The black draconian is almost dead.
You kill the purple draconian!
You kill the black draconian!
The black draconian knight is almost dead.
The black draconian is almost dead.
Your shell of carrion and bone grows thicker.
The black draconian knight gestures at you while chanting.
You block the shard of ice. You block the black draconian's attack.
The black draconian closely misses you.
The black draconian knight hits you with a +4 heavy great mace!!
You die...

#..# #..
#..#.>.#..#.#..#######..
#.........#.#...........
#.........#.#...........
#.........#.#....<....#
#.........#.#.........#
.......§....#..########
#.......§§#.#..#
#.....)@d.#.#..#
#....[d)q.#.#..#
#.....d...#.#........(
#........)#)#.........
...........)#.........
#.........#)#.........
#.........#)#........q
#.........#.#.....?.....
.........#[#........q..


You could see a black draconian knight (fast, invisible, catching breath), 2
draconians and a purple draconian.

Vanquished Creatures
  2 Killer Klowns (Zot:2)
  3 caustic shrikes (Depths:4)
  4 golden dragons
  Nikola (Spider:3)
  A profane servitor (WizLab)
  the Enchantress (Depths:2)
  A bone dragon (Swamp:4)
  Jorgrun (Abyss:3)
  3 liches
  Mlioglotl (Spider:2)
  A titan (Depths:2)
  3 tentacled monstrosities
  Rupert (Abyss:3)
  A deep elf blademaster (Elf:3)
  Asterion (Spider:3)
  2 deep elf master archers (Elf:3)
  A quicksilver dragon (Abyss:3)
  4 tentacled starspawn (Abyss:3)
  An Executioner (Abyss:3)
  3 sphinxes
  A death cob (Zot:2)
  3 shadow dragons
  Agnes (D:15)
  Donald (Swamp:2)
  3 storm dragons
  5 tengu reavers
  4 fire giants
  2 draconian knights
  3 deep elf sorcerers
  4 emperor scorpions (Spider:4)
  A draconian monk (Depths:4)
  An iron dragon (Depths:2)
  2 ghost moths
  A caustic shrike zombie (Depths:1)
  7 vault wardens
  Louise (Depths:3)
  Aizul (Swamp:3)
  6 frost giants
  A draconian shifter (Abyss:3)
  5 deep elf elementalists (Elf:3)
  An orc warlord (Vaults:1)
  2 ghouls (Swamp:1)
  4 ironbound thunderhulks
  7 broodmothers
  5 ironbound preservers (Vaults:1)
  11 stone giants
  17 very ugly things
  6 spriggan defenders
  4 vampire knights
  4 black draconians (Zot:2)
  7 deep elf demonologists
  A green draconian (Zot:2)
  4 eleionomae
  2 lorocyprocas (Abyss:3)
  A minotaur (Gauntlet)
  7 purple draconians
  7 bunyips
  2 white draconians (Zot:2)
  2 yellow draconians
  2 spark wasps (Spider:3)
  7 deep elf annihilators
  The ghost of Werytelu the Severer, a journeyman HuDe of Cheibriados (Orc:1)
  2 dire elephants (Vaults:1)
  7 deep elf death magi
  3 fire dragons
  Snorg (Lair:4)
  8 ettins
  A shambling mangrove (Abyss:2)
  5 yaktaur captains
  A great orb of eyes (Vaults:1)
  Josephine (D:15)
  6 deep elf high priests
  2 entropy weavers
  3 rakshasas
  Fannar (Abyss:2)
  11 vault guards
  An ironbound frostheart (Vaults:2)
  Harold (Lair:2)
  A jorogumo (Spider:4)
  5 ice dragons
  4 catoblepae
  5 radroaches
  14 hydras
  6 centaur warriors
  2 ogre magi (Vaults:1)
  4 spriggan air magi
  10 alligators
  9 ghost crabs
  5 boulder beetles
  16 dancing weapons
  3 two-headed ogres
  14 tengu warriors
  A death scarab (Spider:4)
  2 deep troll earth magi (Depths:2)
  2 vampire magi
  12 death yaks
  2 orc high priests (Orc:2)
  5 spriggan berserkers
  6 thrashing horrors (Abyss:3)
  7 hell knights
  An iron troll (Depths:2)
  14 deep elf knights
  3 wretched stars
  A soul eater (Abyss:3)
  3 sun moths
  6 goliath frogs
  A fire crab (shapeshifter) (Depths:2)
  7 skeletal warriors
  A skyshark (Lair:5)
  A titan skeleton (Depths:1)
  A sixfirhy (Abyss:3)
  6 pharaoh ants
  Lodul (D:13)
  17 deep trolls
  8 spriggan druids
  A flayed ghost (Depths:3)
  15 orb spiders
  7 wizards
  10 bog bodies
  5 glowing orange brains
  4 steelbarb worms
  2 spectral hydras (Swamp:4)
  20 deep elf archers
  3 orc knights
  2 obsidian statues
  7 ironbound convokers
  6 swamp dragons
  3 phantasmal warriors
  13 lindwurms
  20 starcursed masses
  11 necromancers
  A wolf spider (shapeshifter) (Depths:4)
  22 wolf spiders
  An oklob plant (Swamp:4)
  29 deep elf pyromancers
  34 ugly things
  31 deep elf zephyrmancers
  3 harpies (Vaults:1)
  6 orc sorcerers
  A moth of wrath (shapeshifter) (Depths:1)
  5 cyclopes
  A will-o-the-wisp (Swamp:3)
  5 worldbinders
  4 manticores
  3 apocalypse crabs (Swamp:3)
  2 stone giant skeletons
  A guardian serpent (WizLab)
  5 draconians (Abyss:3)
  13 elephants
  8 moths of wrath
  A black mamba (shapeshifter) (D:13)
  An ice statue (IceCv)
  7 black mambas
  5 vault sentinels
  14 cane toads
  7 spectral spriggans (Swamp:1)
  A gargoyle (D:11)
  8 demonic crawlers
  3 torpor snails
  Psyche (D:10)
  7 komodo dragons
  A minotaur zombie (Gauntlet)
  A demonspawn skeleton (WizLab)
  9 rime drakes
  A yaktaur (shapeshifter) (Abyss:3)
  An ice devil (WizLab)
  4 kobold demonologists
  3 tengu conjurers
  3 efreet
  A tormentor (Abyss:3)
  3 freezing wraiths
  4 ancient zymes
  15 yaktaurs (Vaults:1)
  3 bloated husks
  6 trolls
  2 swamp worm zombies (Swamp:4)
  9 meliai
  25 polar bears
  A silent spectre (Abyss:3)
  2 hydra zombies (Swamp:4)
  9 tyrant leeches
  2 queen bees (Lair:3)
  13 hornets
  Prince Ribbit (D:7)
  28 tarantellas
  A hornet (shapeshifter) (Vaults:1)
  21 blink frogs
  An ettin zombie (Depths:1)
  An alligator zombie (Swamp:4)
  6 dream sheep
  8 raiju
  10 slime creatures
  3 spectral swamp dragons (Swamp:4)
  36 jumping spiders
  Sigmund (D:3)
  A fire dragon skeleton (WizLab)
  A jumping spider (shapeshifter) (D:13)
  30 culicivoras
  10 spriggans
  A human (shapeshifter) (D:14)
  3 ynoxinuls
  4 air elementals
  10 wyverns
  7 wraiths
  8 shadows
  7 large abominations
  77 yaks
  4 fire elementals
  A hog (shapeshifter) (D:13)
  A golden eye (shapeshifter) (Depths:2)
  4 water elementals
  4 small abominations
  3 chaos spawn
  A fire bat (Abyss:3)
  6 basilisks
  56 redbacks
  A steam dragon (D:9)
  An elf skeleton (WizLab)
  10 wargs
  2 neqoxecs (Abyss:3)
  10 vampire mosquitoes
  2 spatial vortices (WizLab)
  3 acid dragons
  14 swamp worms
  15 hell hounds
  21 water moccasins
  28 orc warriors
  A sky beast (D:8)
  5 swamp dragon zombies (Swamp:4)
  2 ice beasts (D:7)
  4 swamp drakes
  14 black bears
  A black bear (shapeshifter) (D:15)
  13 ogres
  6 boggarts
  45 wolves
  12 centaurs
  4 phantoms
  2 elf zombies (Elf:1)
  8 kobold brigands
  2 gnoll sergeants (D:10)
  14 bullfrogs
  3 earth elementals
  4 scorpions
  13 wights
  49 killer bees
  6 howler monkeys
  3 quasits
  4 hounds
  3 jellies
  18 orc priests
  A gnoll bouda (D:8)
  An iron imp (Abyss:3)
  3 sleepcaps
  A spectral swamp drake (Swamp:4)
  3 iguanas
  Natasha (D:2)
  29 orc wizards
  4 hell rats (Lair:1)
  7 adders
  14 gnolls
  A river rat (D:3)
  2 shadow imps
  6 white imps
  2 ufetubi
  2 dart slugs
  61 orcs
  6 ball pythons
  8 endoplasms
  2 giant cockroaches
  8 goblins
  7 hobgoblins
  6 jackals
  4 quokkas
  7 bats
  A frilled lizard (D:2)
  23 kobolds
  5 rats
  A spectral orc (D:3)
  2 bushes (D:4)
  2 lurking horrors (WizLab)
  5 starspawn tentacles
1854 creatures vanquished.

Vanquished Creatures (collateral kills)
  An ice beast (D:7)
  An orc priest (D:7)
  An orc (D:7)
3 creatures vanquished.

Vanquished Creatures (others)
  A deep elf blademaster (Elf:3)
  An eldritch tentacle (Abyss:1)
  A deep elf elementalist (Elf:3)
  A rakshasa (WizLab)
  A deep elf zephyrmancer (Elf:1)
  A rime drake (Abyss:1)
  A swamp worm zombie (Swamp:4)
  9 bloated husks
  A tarantella (Spider:2)
  5 golden eyes (Abyss:3)
  3 yaks (D:9)
  A steam dragon (D:7)
  A redback (Spider:2)
  An orc warrior (D:7)
  2 phantoms (Swamp:4)
  An orc priest (Orc:2)
  An orc wizard (Orc:2)
  2 foxfires (Swamp:3)
  62 fungi
  A lurking horror (Abyss:3)
  88 plants
  4 starspawn tentacles
  2 withered plants (Ossuary)
191 creatures vanquished.

Grand Total: 2048 creatures vanquished

Notes
Turn   | Place    | Note
-------+----------+-------------------------------------------
     0 | D:1      | jasper the Vampire Gladiator began the quest for the Orb.
     0 | D:1      | Reached XP level 1. HP: 16/16 MP: 1/1
   129 | D:1      | Reached XP level 2. HP: 22/22 MP: 2/2
   303 | D:1      | Found Moysy's General Store.
   436 | D:1      | Gained mutation: You are afflicted with vampirism and can
                  | become a bat while bloodless. [Vampire growth]
   436 | D:1      | Reached XP level 3. HP: 27/27 MP: 3/3
  1016 | D:2      | Noticed Natasha
  1030 | D:2      | Reached skill level 5 in Short Blades
  1034 | D:2      | Killed Natasha
  1035 | D:2      | Reached XP level 4. HP: 12/29 MP: 4/4
  1081 | D:2      | Found a faded altar of an unknown god.
  1661 | D:3      | HP: 1/29 [orc/+0 falchion (6)]
  1920 | D:3      | Noticed Sigmund
  1930 | D:3      | Killed Sigmund
  1931 | D:3      | Reached XP level 5. HP: 34/38 MP: 5/5
  1931 | D:3      | Reached XP level 6. HP: 39/44 MP: 6/6
  1967 | D:3      | Found a runed translucent door.
  1968 | D:3      | Noticed Crazy Yiuf
  2346 | D:3      | Found a basalt altar of Yredelemnul.
  3006 | D:4      | Found Kuil's Antique Weapon Shoppe.
  3180 | D:4      | Found a staircase to the Ecumenical Temple.
  3295 | Temple   | Entered the Ecumenical Temple
  3468 | D:4      | Reached XP level 7. HP: 23/49 MP: 7/7
  3702 | D:4      | Found a bloodstained altar of Trog.
  4103 | D:5      | Entered Level 5 of the Dungeon
  4294 | D:5      | Found Wuntoqamp's Armour Shoppe.
  4299 | D:5      | Bought a +0 pair of boots of rampaging for 126 gold pieces
  4336 | D:5      | Found a stormy altar of Qazlal.
  4565 | D:5      | Found a blossoming altar of Fedhas.
  4719 | D:5      | Reached skill level 10 in Short Blades
  4770 | D:5      | Found Runekham's Jewellery Boutique.
  4830 | D:5      | Found Optix's Weapon Shop.
  4915 | D:5      | Found Syceho's Weapon Emporium.
  5191 | D:5      | Reached skill level 1 in Stealth
  5362 | D:6      | Reached skill level 2 in Stealth
  5407 | D:6      | Reached skill level 1 in Armour
  5446 | D:6      | Reached XP level 8. HP: 51/57 MP: 8/8
  5448 | D:6      | Found a sand-covered staircase.
  5453 | Ossuary  | Entered an ossuary
  5507 | D:6      | Reached skill level 3 in Stealth
  5632 | D:6      | Found a shadowy altar of Dithmenos.
  5632 | D:6      | Found a shimmering altar of Xom.
  5634 | D:6      | Found a hazy altar of Hepliaklqana.
  5929 | D:6      | Reached skill level 4 in Stealth
  6242 | D:7      | Reached skill level 5 in Stealth
  6251 | D:7      | Reached skill level 5 in Dodging
  6368 | D:7      | Reached skill level 6 in Stealth
  6377 | D:7      | Reached XP level 9. HP: 34/65 MP: 9/9
  6655 | D:8      | Noticed a two-headed ogre
  6678 | D:8      | Killed a two-headed ogre
  6679 | D:8      | Reached skill level 7 in Stealth
  6731 | D:8      | Found a runed translucent door.
  6966 | D:8      | Reached skill level 5 in Fighting
  6966 | D:8      | Reached skill level 8 in Stealth
  7065 | D:8      | Found Qiciqet's Assorted Antiques.
  7161 | D:8      | Bought 2 potions of curing for 102 gold pieces
  7161 | D:8      | Bought a scroll labelled ANUQYMP ROUCH for 17 gold pieces
  7162 | D:8      | Bought a peridot ring for 85 gold pieces
  7261 | D:8      | Noticed a two-headed ogre
  7315 | D:8      | Killed a two-headed ogre
  7316 | D:8      | Reached skill level 9 in Stealth
  7316 | D:8      | Reached XP level 10. HP: 74/74 MP: 10/10
  7362 | D:8      | Found a runed translucent door.
  8097 | D:9      | Reached skill level 5 in Armour
  8204 | D:9      | Found a sparkling altar of Nemelex Xobeh.
  8297 | D:9      | Identified the +2 ring mail "Udwem" {rN+ Str+5}
  8417 | D:9      | Identified the +3 scale mail of Ignis's Delight {rF- rCorr
                  | Dex+5}
  8584 | D:10     | Entered Level 10 of the Dungeon
  8667 | D:10     | Noticed a sun demon
  8670 | D:10     | Noticed a soul eater
  8671 | D:10     | Reached skill level 10 in Stealth
  8676 | D:10     | Noticed an orange demon
  8892 | D:10     | Found a flagged portal.
  8911 | Bailey   | Entered a bailey
  8961 | Bailey   | Reached skill level 11 in Stealth
  9113 | Bailey   | Noticed an orc knight
  9114 | Bailey   | Found an iron altar of Okawaru.
  9367 | D:10     | Noticed Psyche
  9374 | D:10     | Killed Psyche
  9375 | D:10     | Reached XP level 11. HP: 64/84 MP: 11/11
  9388 | D:10     | Found a staircase to the Lair.
  9648 | D:7      | a cyclops changed into a sea snake
  9648 | D:7      | Noticed a sea snake (shapeshifter)
  9649 | D:7      | Banished a sea snake
  9863 | D:7      | Found a hide-covered altar of Uskayaw.
  9863 | D:7      | Found a snail-covered altar of Cheibriados.
  9869 | D:7      | Became a worshipper of Uskayaw the Reveller
  9887 | D:7      | Reached * piety under Uskayaw
  9890 | D:7      | Noticed Prince Ribbit
  9897 | D:7      | Reached ** piety under Uskayaw
  9900 | D:7      | Reached *** piety under Uskayaw
  9909 | D:7      | Killed Prince Ribbit
  9910 | D:7      | Reached skill level 12 in Stealth
 10438 | D:8      | Reached **** piety under Uskayaw
 10478 | D:8      | Reached ***** piety under Uskayaw
 10480 | D:8      | Reached skill level 1 in Invocations
 10499 | D:8      | Noticed a brown ugly thing
 10499 | D:8      | Noticed a catoblepas
 10508 | D:8      | Killed a catoblepas
 10509 | D:8      | Killed a brown ugly thing
 10955 | D:10     | Reached skill level 13 in Stealth
 10956 | D:10     | Reached skill level 10 in Dodging
 10994 | D:10     | Noticed Fannar
 11007 | D:10     | Banished Fannar
 11071 | D:10     | Found an iron altar of Okawaru.
 11134 | D:10     | Reached XP level 12. HP: 93/93 MP: 14/14
 11367 | D:11     | Found a staircase to the Orcish Mines.
 11393 | D:11     | Noticed a boulder beetle
 11413 | D:11     | Killed a boulder beetle
 11507 | D:11     | Noticed a two-headed ogre
 11774 | Lair:1   | Entered Level 1 of the Lair of Beasts
 11838 | Lair:1   | Identified the +5 ring mail "Pirut" {rPois rCorr}
 11979 | Lair:1   | Noticed a boulder beetle
 11986 | Lair:1   | Killed a boulder beetle
 12072 | Lair:1   | Reached skill level 14 in Stealth
 12094 | Lair:1   | Reached ****** piety under Uskayaw
 12235 | Lair:1   | Found a sacrificial altar of Ru.
 12275 | Lair:1   | Noticed a boulder beetle
 12281 | Lair:1   | Killed a boulder beetle
 12738 | Lair:2   | Reached skill level 5 in Invocations
 12802 | Lair:2   | Noticed Harold
 12812 | Lair:2   | Killed Harold
 12824 | Lair:2   | Reached skill level 15 in Stealth
 12826 | Lair:2   | Reached XP level 13. HP: 101/101 MP: 17/17
 13413 | Lair:2   | Found a hole to the Spider Nest.
 13620 | Lair:3   | Found a staircase to the Swamp.
 14279 | Lair:3   | Reached skill level 16 in Stealth
 14287 | Lair:3   | Reached skill level 10 in Fighting
 15116 | Lair:4   | Reached skill level 17 in Stealth
 15325 | Lair:4   | Reached XP level 14. HP: 86/88 MP: 19/19
 15351 | Lair:4   | Found a frozen archway.
 15377 | IceCv    | Entered an ice cave
 15766 | IceCv    | Noticed a frost giant
 15778 | IceCv    | Killed a frost giant
 15916 | IceCv    | Found the +8 frozen axe "Frostbite" {freeze, freezing
                  | cloud, *Noise Fly rC+}
 15927 | IceCv    | Identified the +8 arbalest of Corruption {elec, Drain *Slow
                  | rElec rCorr}
 16018 | IceCv    | Reached skill level 18 in Stealth
 16543 | Lair:4   | Noticed Snorg
 16547 | Lair:4   | Killed Snorg
 17036 | Lair:5   | Entered Level 5 of the Lair of Beasts
 17137 | Lair:5   | Reached skill level 19 in Stealth
 17456 | Lair:5   | Reached skill level 10 in Armour
 17561 | Lair:5   | Reached XP level 15. HP: 92/94 MP: 21/21
 17938 | Lair:5   | Found a staircase to the Slime Pits.
 17939 | Lair:5   | Found a viscous altar of Jiyva.
 17996 | Lair:5   | Reached skill level 20 in Stealth
 18548 | Lair:5   | Identified the +1 robe of the Lion {rElec Str+2}
 18819 | Orc:1    | Entered Level 1 of the Orcish Mines
 18994 | Orc:1    | Noticed Urug
 19010 | Orc:1    | Banished Urug
 19327 | Orc:2    | Entered Level 2 of the Orcish Mines
 19360 | Orc:1    | Found a runed translucent gate.
 19360 | Orc:1    | Found a runed translucent gate.
 19360 | Orc:1    | Found a runed translucent gate.
 19364 | Orc:1    | Noticed Teroaxtu's ghost (journeyman KoEn)
 19364 | Orc:1    | Noticed Werytelu's ghost (journeyman HuDe)
 19425 | Orc:1    | Banished Teroaxtu's ghost
 19430 | Orc:1    | Killed Werytelu's ghost
 19431 | Orc:1    | Reached skill level 1 in Shields
 19668 | Orc:2    | Found a staircase to the Elven Halls.
 19914 | Orc:2    | Found Miefa's Jewellery Shop.
 19914 | Orc:2    | Found Fiatieg's Assorted Antiques.
 19948 | Orc:2    | Found Vublaq's General Store.
 19953 | Orc:2    | Reached skill level 21 in Stealth
 19954 | Orc:2    | Found Xaru's Distillery.
 19966 | Orc:2    | Bought a condenser vane for 520 gold pieces
 19998 | Orc:2    | Bought a scroll of enchant weapon for 247 gold pieces
 20004 | Orc:2    | Bought a potion of haste for 130 gold pieces
 20004 | Orc:2    | Bought a potion of curing for 39 gold pieces
 20004 | Orc:2    | Bought a potion of invisibility for 104 gold pieces
 20674 | D:12     | Noticed Jorgrun
 20681 | D:12     | Banished Jorgrun
 21122 | D:12     | Found a gate leading to a gauntlet.
 21167 | Gauntlet | Entered a Gauntlet
 21167 | Gauntlet | Found a transporter.
 21175 | Gauntlet | Found a transporter.
 21177 | Gauntlet | Found a transporter.
 21188 | Gauntlet | Found a transporter.
 21191 | Gauntlet | Found a transporter.
 21201 | Gauntlet | Found a transporter.
 21216 | Gauntlet | Found a runed translucent door.
 21217 | Gauntlet | Found a transporter.
 21218 | Gauntlet | Found a runed translucent door.
 21228 | Gauntlet | Found a transporter.
 21237 | Gauntlet | Identified 2 scrolls of acquirement
 21238 | Gauntlet | Found a transporter.
 21253 | Gauntlet | Found a transporter.
 21266 | Gauntlet | Found a transporter.
 21268 | Gauntlet | Found a transporter.
 21311 | Gauntlet | Found a transporter.
 21328 | Gauntlet | Found a transporter.
 21488 | Gauntlet | Identified the +1 pair of boots of Foolhardiness {Rampage
                  | rPois Slay+2}
 21530 | Gauntlet | Identified the amulet of Ytoynavi {Reflect rN+ SH+5}
 21544 | Gauntlet | Acquired the +1 kite shield of Watchfulness {*Corrode
                  | Int+5}
 21545 | Gauntlet | Acquired the +2 pair of gloves of Jarojeja {Regen+ Int+2
                  | Dex-3}
 21588 | Gauntlet | Identified the +1 scale mail of Moral Flaws {rN+}
 21614 | Gauntlet | Got the Tractate on Coruscating Peregrination
 21933 | D:13     | Noticed Lodul
 21946 | D:13     | Killed Lodul
 21976 | D:13     | Identified the +6 short sword of Niesiw {drain, Dex+5}
 22234 | D:13     | Reached XP level 16. HP: 127/127 MP: 23/23
 22404 | D:14     | Found Asaag's Jewellery Shop.
 22437 | D:14     | Identified the +1 robe of Nawad {rC- rCorr Dex+8}
 22480 | D:14     | Found a gate to the Vaults.
 22502 | D:14     | Reached skill level 22 in Stealth
 22924 | D:14     | Reached skill level 23 in Stealth
 23092 | D:14     | Found an opulent altar of Gozag.
 23360 | D:15     | Entered Level 15 of the Dungeon
 23435 | D:15     | Noticed Rupert
 23494 | D:15     | Banished Rupert
 23541 | D:15     | Found a staircase to the Depths.
 23582 | D:15     | Noticed Josephine
 23593 | D:15     | Killed Josephine
 23596 | D:15     | Reached skill level 24 in Stealth
 23632 | D:15     | Noticed Agnes
 23646 | D:15     | Killed Agnes
 23722 | D:15     | Found a sacrificial altar of Ru.
 23832 | D:15     | Reached skill level 25 in Stealth
 24200 | Spider:1 | Entered Level 1 of the Spider Nest
 24616 | Spider:1 | Reached skill level 26 in Stealth
 25061 | Spider:2 | Reached XP level 17. HP: 87/133 MP: 24/24
 25224 | Spider:2 | Reached skill level 27 in Stealth
 25315 | Spider:2 | Noticed Mlioglotl
 25355 | Spider:2 | Killed Mlioglotl
 25356 | Spider:2 | Reached skill level 1 in Evocations
 25469 | Spider:2 | Identified Roxanne's Opusculum on the Caves
 25469 | Spider:2 | Noticed Roxanne
 26010 | Spider:3 | Identified the ring "Measewk" {rElec MP+9 Int-5 Dex+6 SInv}
 26010 | Spider:3 | Noticed Asterion
 26014 | Spider:3 | Killed Asterion
 26214 | Spider:3 | Noticed Nikola
 26220 | Spider:3 | Killed Nikola
 26294 | Spider:3 | Reached skill level 10 in Invocations
 26696 | Spider:4 | Entered Level 4 of the Spider Nest
 26895 | Spider:4 | Reached skill level 15 in Dodging
 27587 | Spider:4 | Reached XP level 18. HP: 143/143 MP: 26/26
 27680 | Spider:4 | Identified the scarf of Cafeiclu {rElec Str+2}
 27687 | Spider:4 | Got a gossamer rune of Zot
 27690 | Spider:4 | Identified the -2 pair of gloves of the Old and Reckless
                  | {Harm Regen+}
 28215 | Swamp:1  | Entered Level 1 of the Swamp
 28222 | Swamp:1  | Noticed a tentacled monstrosity
 28243 | Swamp:1  | Killed a tentacled monstrosity
 29352 | Swamp:1  | Identified the +8 lajatang "Atit" {vamp, rPois}
 29735 | Swamp:2  | Noticed Donald
 29748 | Swamp:2  | Killed Donald
 30289 | Swamp:3  | Reached skill level 5 in Shields
 30361 | Swamp:3  | Found a runed translucent door.
 30472 | Swamp:3  | Noticed a tentacled monstrosity
 30480 | Swamp:3  | Banished a tentacled monstrosity
 30621 | Swamp:3  | Identified the +0 lajatang of Wounding {freeze, rCorr Str+2
                  | Dex+3 Stlth+}
 30622 | Swamp:3  | Noticed Aizul
 30639 | Swamp:3  | Killed Aizul
 31026 | Swamp:3  | Reached XP level 19. HP: 152/152 MP: 27/27
 31031 | Swamp:3  | Identified the +1 chain mail of Gucreph {Rampage rN+ Int+2
                  | Dex-3}
 31128 | Swamp:4  | Entered Level 4 of the Swamp
 32041 | Swamp:4  | Noticed a bone dragon
 32059 | Swamp:4  | Killed a bone dragon
 32165 | Swamp:4  | Got a decaying rune of Zot
 32469 | Elf:1    | Entered Level 1 of the Elven Halls
 32511 | Elf:1    | Reached skill level 10 in Shields
 32575 | Elf:1    | Paralysed by an air elemental for 1 turns
 33087 | Elf:1    | Got Kikubaaqudgha's Spellbook of Corpses
 33155 | Elf:1    | Found Feras's General Store.
 33165 | Elf:1    | Bought a potion of resistance for 180 gold pieces
 33514 | Elf:2    | Found a portal to a secret trove of treasure.
 33629 | Elf:2    | Found a runed translucent gate.
 33630 | Elf:2    | Found a runed translucent gate.
 33631 | Elf:2    | Found a runed translucent gate.
 33856 | Elf:2    | Paralysed by an air elemental for 1 turns
 33872 | Elf:2    | Identified the +0 pair of gloves "Gamutun" {+Blink rPois}
 33973 | Elf:2    | Got the Compilation of Position
 34239 | Elf:3    | Entered Level 3 of the Elven Halls
 34249 | Elf:3    | Reached XP level 20. HP: 135/159 MP: 28/28
 34254 | Elf:3    | Found a magical portal.
 34291 | WizLab   | Entered The Roulette of Golubria
 34291 | WizLab   | Found a transporter.
 34394 | WizLab   | Found the +1 cloak of Starlight {*Dazzle EV+4 Stlth--}
 34394 | WizLab   | Found a corrupted altar of Lugonu.
 34467 | WizLab   | Found a transporter.
 34521 | WizLab   | Found a transporter.
 34526 | WizLab   | Noticed a profane servitor
 34580 | WizLab   | Found a transporter.
 34631 | WizLab   | Killed a profane servitor
 34651 | WizLab   | Found a transporter.
 34655 | WizLab   | Found a transporter.
 34655 | WizLab   | Found a corrupted altar of Lugonu.
 34716 | WizLab   | Found a transporter.
 34772 | WizLab   | Found a transporter.
 34867 | WizLab   | Found a transporter.
 34867 | WizLab   | Found a transporter.
 34935 | WizLab   | Found a transporter.
 34965 | WizLab   | Found a transporter.
 34998 | WizLab   | Got the Volume of Correspondence
 35004 | WizLab   | Found a transporter.
 35004 | WizLab   | Found a transporter.
 35029 | WizLab   | Found a transporter.
 35029 | WizLab   | Found a transporter.
 35048 | WizLab   | Found a transporter.
 35090 | WizLab   | Identified the +1 cloak of Ozumeh {Str+2}
 35393 | Elf:3    | Paralysed by an air elemental for 1 turns
 35491 | Elf:3    | Reached skill level 15 in Shields
 36243 | Elf:3    | Identified the +5 acid dragon scales "Ikoarcha" {Harm rC-
                  | rCorr Int+4 Slay+5}
 36378 | Elf:3    | Identified the +7 battleaxe "Spiderbane" {venom, Drain Fly
                  | rElec Will++}
 36500 | Elf:3    | Got the Discourse on Excavation
 36601 | Elf:3    | Got the Papyrus of the Pyromaniac
 36606 | Elf:3    | Got Tynaicso's Notes on the Squall
 36913 | Elf:3    | Identified the +2 falchion "Hiucvigi" {venom, rC+ MP-9
                  | Str+4}
 37208 | Vaults:1 | Entered Level 1 of the Vaults
 37844 | Vaults:1 | Reached XP level 21. HP: 167/167 MP: 30/30
 37919 | Vaults:1 | Identified the +4 battleaxe of Hyphuf {flame, rElec rF-
                  | rC+++ Int+4}
 37937 | Vaults:1 | Reached skill level 15 in Fighting
 37983 | Vaults:1 | Identified the +8 chain mail of Action {Will++}
 38876 | Depths:1 | Entered Level 1 of the Depths
 38901 | Depths:1 | Found a gateway to Hell.
 39014 | Depths:1 | Found a one-way gate to the infinite horrors of the Abyss.
 39094 | Depths:1 | Found Mameul's Book Shop.
 39152 | Depths:1 | Found Xofoag's General Store.
 39251 | Depths:1 | Bought a scroll of teleportation for 51 gold pieces
 39251 | Depths:1 | Bought a scroll of enchant weapon for 127 gold pieces
 39477 | Depths:1 | Found an iron altar of Okawaru.
 39590 | Depths:1 | Found Poedom's Jewellery Emporium.
 39595 | Depths:1 | Bought the amulet of the Enemy {RegenMP Harm rF+++ Will-
                  | Int-2} for 1462 gold pieces
 39866 | Depths:2 | Noticed the Enchantress
 39875 | Depths:2 | Killed the Enchantress
 40010 | Depths:2 | Reached XP level 22. HP: 85/177 MP: 31/32
 40310 | Depths:2 | Found a sparkling altar of Nemelex Xobeh.
 40311 | Depths:2 | Found a basalt altar of Yredelemnul.
 40311 | Depths:2 | Found a shimmering altar of Xom.
 40329 | Depths:2 | Identified the ring of Ikiun {Fly rElec rCorr}
 40762 | Depths:1 | Voluntarily entered the Abyss.
 41280 | Abyss:2  | Killed Fannar
 41769 | Abyss:3  | Killed Jorgrun
 41841 | Abyss:3  | Reached skill level 15 in Armour
 41931 | Abyss:3  | Found a transporter.
 41975 | Abyss:3  | Found a transporter.
 41982 | Abyss:3  | Got an abyssal rune of Zot
 41986 | Abyss:3  | Killed Rupert
 42061 | Depths:1 | Escaped the Abyss
 42236 | Depths:3 | Noticed Louise
 42241 | Abyss:3  | Cast into level 3 of the Abyss (Louise)
 42373 | Depths:3 | Escaped the Abyss
 42405 | Depths:3 | Reached skill level 15 in Invocations
 42406 | Depths:3 | Killed Louise
 42666 | Depths:3 | Identified the +5 scale mail of Yesterday {rF- Regen+ Str+8
                  | Dex+5}
 42852 | Depths:4 | Entered Level 4 of the Depths
 42858 | Depths:4 | Found Hacsuadeha's Humungous Hoard.
 42881 | Depths:4 | Bought a potion of haste for 200 gold pieces
 42884 | Depths:4 | Noticed a caustic shrike
 42885 | Depths:4 | Noticed a caustic shrike
 42887 | Depths:4 | Noticed a caustic shrike
 42893 | Depths:4 | Reached XP level 23. HP: 92/186 MP: 34/34
 42897 | Depths:4 | Killed a caustic shrike
 42898 | Depths:4 | Killed a caustic shrike
 42899 | Depths:4 | Killed a caustic shrike
 43291 | Depths:4 | Found a gate to the Realm of Zot.
 43297 | Zot:1    | Entered Level 1 of the Realm of Zot
 43455 | Zot:2    | Found the +10 zealot's sword {holy, Zealotry, *Rage rN+
                  | EV+3}
 43687 | Zot:2    | Noticed a Killer Klown
 43688 | Zot:2    | Noticed a Killer Klown
 43719 | Zot:2    | Killed a Killer Klown
 43730 | Zot:2    | Killed a Killer Klown
 43756 | Zot:2    | Slain by a black draconian knight

Illustrated notes

Levels and vault maps discovered:
D:1:      tekkud_arrival_beachfront_property, layout_loops_ring, serial_shops,
          nicolae_shop_crystal, minmay_distorted
D:2:      layout_basic, hellmonk_ecumenical_altar_lost_god, serial_glass,
          glass_columns_a, glass_columns_b, item_on_display_b, uniq_natasha
D:3:      layout_loops_corners, yredelemnul_forgotten_temple_becter,
          portal_sewer_entry_e, dk_noncrumbling_3, uniq_sigmund,
          uniq_crazy_yiuf_cottage
D:4:      cheibrodos_pilgrimage, layout_loops_ring, lightli_temple_of_fire,
          temple_doors_ab, serial_shops, shop_fountains, serial_forest,
          infiniplex_forest_pool, infiniplex_forest_straight_2,
          infiniplex_forest_end_2, infiniplex_forest_straight_4,
          infiniplex_forest_lined_3, infiniplex_forest_clump_small,
          infiniplex_forest_corner_1, minmay_misc_feat_tiny
D:5:      layout_basic, mainiacjoe_overflow_paths,
          fedhas_bush_and_centaur_altar, serial_shops, shop_statue, shop,
          shop_statue, nicolae_shop_stone, kennysheep_generic_room_3
D:6:      layout_cave_pods, chequers_temple_overflow_statue_of_worship,
          enter_ossuary_5, hangedman_decor_lopped
D:7:      nzn_winding_woodlands_small [nzn_winding_woodlands_5x15_twine,
          nzn_winding_woodlands_center_garden,
          nzn_winding_woodlands_5x15_pathside_ponds], layout_gridville,
          jmf_multi_god_temple, uniq_prince_ribbit1
D:8:      cheibrodos_histonic, layout_rooms, serial_shops, shop
D:9:      layout_gridville, mainiacjoe_overflow_24_doors,
          mainiacjoe_overflow_small_starburst
D:10:     layout_rooms, marbit_many_paths, due_lair_maze_entry_diamond,
          enter_bailey_2, amethyst_killhole, roderic_roman_lattice, uniq_fannar,
          uniq_psyche
D:11:     layout_rooms, orc_0_dummy
D:12:     layout_rooms, gauntlet_entry_generic, minivault_1, minivault_16,
          uniq_jorgrun
D:13:     minmay_cornered_nines, layout_cave_pools, uniq_lodul
D:14:     layout_basic, lightli_vaults_fourway_checkpoint, serial_shops,
          nicolae_shop_behind_doors,
          nicolae_gozag_cash_rules_everything_around_me
D:15:     hangedman_depths_entry_civil_slaughter, layout_layer_cave,
          nicolae_ru_path_of_blood, uniq_agnes, uniq_josephine, uniq_rupert
Temple:   nicolae_temple_figure_zero
Lair:1:   layout_cave_pods, basic_altar, grunt_megastairs_5
Lair:2:   layout_regular_city, nicolae_spider_entry_orb_guardian, uniq_harold
Lair:3:   regret_index_wax_grids, layout_cave_pods, skrybe_swamp_entry_bodies,
          special_room [special_room_bee]
Lair:4:   layout_cave_pods, portal_ice_cave_rime, grunt_megastairs_3, uniq_snorg
Lair:5:   hangedman_lair_in_review, layout_cave_shapes,
          hangedman_lair_caniforms_friends, minmay_slime_entry_pillars,
          kilobyte_rumbling_trees
Swamp:1:  nicolae_swamp_flooded_prison, layout_falls_marsh,
          evilmike_swamp_ruin_house_2, swamp_pool1, st_swamp_ruins_4,
          infiniplex_staircase_pool
Swamp:2:  layout_basic_swamp, evilmike_swamp_ruin_house_4,
          nzn_swamp_stair_ambush, uniq_donald
Swamp:3:  gammafunk_mikee_crab_dinner, layout_basic_swamp,
          evilmike_swamp_ruin_house_6, uniq_aizul
Swamp:4:  swamp_pestilence, layout_basic_swamp
Spider:1: layout_spider_delve
Spider:2: layout_spider_delve, uniq_mlioglotl, uniq_roxanne
Spider:3: layout_spider_delve, nicolae_spider_paper_wasps, uniq_nikola,
          uniq_asterion
Spider:4: hellmonk_spider_rune_endless_swarm, drop_trap,
          nicolae_spider_claw_tunnel
Orc:1:    layout_diamond_mine, gammafunk_ghost_cemetery, abandoned_shop,
          uniq_urug
Orc:2:    st_orc_mages, layout_diamond_mine, basic_altar
Elf:1:    eino_elf_arrival_sip, layout_loops_ring, serial_shops,
          nicolae_lakefront_shop, minivault_28, drop_trap, minmay_elf_necromancy
Elf:2:    nicolae_elf_blades_splatter_lattice [mumra_blade_entry_bloodbath],
          layout_loops_corners, nicolae_trove_entry_isolated, hex_medium,
          drop_trap, hangedman_elf_targetted_burst, hangedman_elf_disciples
Elf:3:    grunt_elf_hall_asides, layout_geoelf_castle,
          lightli_enter_wizlab_magi_temple
Vaults:1: nicolae_vaults_windows_and_doors_thing, st_greater_box_1, v_misc_14,
          vaults_room_corners, ontoclasm_vaults_ring_large, v_misc_12,
          vaults_mumra_minichess, v_misc_2, vaults_room_boxed,
          grunt_vaults_diagonal, vaults_dpeg_diagonal, v_misc_19,
          nicolae_vaults_little_squares_2, layout_vaults_omnibox
Vaults:2: gammafunk_sealed_library, vaults_room_fours, hangedman_vaults_slice,
          nicolae_vaults_asterisk, ontoclasm_vaults_shuriken,
          vaults_room_ringed_pool, hangedman_vaults_cutoff, v_misc_22,
          nicolae_vaults_little_squares_4, v_alt_pattern_6,
          hangedman_vaults_maws, v_misc_5, layout_vaults_maze_bifur
Depths:1: layout_cave_pools, chequers_serial_rivers_room_b, hell_entry,
          hangedman_abyss_entry_splay, serial_shops,
          nicolae_inconvenience_store, kennysheep_little_box,
          nicolae_shop_behind_doors, grunt_decor_clamped,
          nicolae_kite_square_tiling_tiny, okawaru_altar_gauntlet_db
Depths:2: minmay_the_grid_octo_tiled_squarecenter [minmay_the_grid_octo_empty,
          minmay_the_grid_octo_fan_narrow, minmay_the_grid_octo_pinwheel,
          minmay_the_grid_octo_shrine,
          minmay_the_grid_square_5x5_megaprize_crossed,
          minmay_the_grid_square_5x5_z, minmay_the_grid_square_5x5_six_small,
          minmay_the_grid_square_5x5_lines, minmay_the_grid_square_5x5_inner_v],
          layout_honeycomb, pan_entry, wad_floor_pattern_2, grunt_metal_band,
          uniq_enchantress
Depths:3: grunt_twist_and_shout, layout_cross,
          nicolae_abyss_entry_one_way_or_another, grunt_hell_entry_dis_grunt,
          kennysheep_nub
Depths:4: evilmike_zot_entry_hall, layout_cave_pools, enter_ziggurat_f,
          gammafunk_ghost_crypt, pf_hell_entry_tar_spiral, grunt_ministairs_14,
          nicolae_alphabet_shops
Zot:1:    layout_misc_corridors, uniq_parghit
Zot:2:    grunt_zot_stairs_faceoff, layout_cellular_growth

Skill      XL: |  1  2  3  4  5  6  7  8  9 10 11 12 13 14 15 16 17 18 19 20 21 22 23 |
---------------+----------------------------------------------------------------------+-----
Short Blades   | 4 5 7 8 10 | 10.0
Fighting       | 2 4 5 7 8 9 10 11 13 14 15 16 17 | 17.3
Stealth        | 2 6 9 11 13 15 17 19 21 26 27 | 27.0
Armour         | 1 3 4 6 7 8 9 10 11 12 13 14 15 | 15.7
Dodging        | 5 7 8 10 11 12 13 14 15 16 17 18 19 20 | 20.2
Invocations    | 3 5 7 8 9 10 11 12 13 15 | 15.6
Shields        | 3 4 7 13 15 | 15.0
Evocations     | 1 |  1.2
Throwing       | |  1.5

Action                     |  1- 3 |  4- 6 |  7- 9 | 10-12 | 13-15 | 16-18 | 19-21 | 22-24 || total
---------------------------+-------+-------+-------+-------+-------+-------+-------+-------++-------
  Melee: Rapier            |   133 |   155 |    63 |       |       |       |       |       ||   351
         Bite              |    13 |    23 |    70 |   103 |   185 |   184 |   211 |   146 ||   935
         Punch             |     1 |     3 |    10 |     6 |    16 |       |       |       ||    36
         Short sword       |       |    45 |   383 |   319 |       |       |       |       ||   747
         Dagger            |       |       |       |   375 |  1214 |  1231 |  1261 |   744 ||  4825
  Throw: Throwing net      |     1 |     2 |     4 |     1 |     2 |     3 |       |       ||    13
         Dart              |       |       |       |     8 |       |       |       |       ||     8
         Boomerang         |       |       |       |     8 |       |       |       |       ||     8
 Invoke: Stomp             |       |       |       |     6 |    45 |     8 |    16 |    13 ||    88
         Grand Finale      |       |       |       |       |     5 |    10 |    15 |     3 ||    33
Ability: Exsanguinate      |     1 |       |       |       |     1 |       |     1 |     1 ||     4
         Revivify          |     1 |       |       |       |     1 |       |     1 |       ||     3
  Evoke: Wand              |       |       |     5 |     5 |       |       |       |     2 ||    12
         Lightning rod     |       |       |       |       |       |     7 |     6 |       ||    13
         Condenser vane    |       |       |       |       |       |     3 |     5 |     2 ||    10
         Tin of tremorston |       |       |       |       |       |       |     2 |     3 ||     5
    Use: Scroll            |       |     5 |    13 |    10 |    11 |     2 |     9 |     5 ||    55
         Potion            |       |     2 |       |     2 |     1 |     2 |     3 |     2 ||    12
   Stab: Held in net/web   |     1 |       |     1 |     1 |       |       |       |       ||     3
         Invisible         |       |     2 |       |       |       |       |       |       ||     2
         Sleeping          |       |     1 |     1 |    18 |    82 |   118 |   103 |    29 ||   352
         Distracted        |       |       |       |     5 |    18 |    18 |    13 |    18 ||    72
         Paralysed         |       |       |       |    42 |    82 |   103 |   130 |    72 ||   429
         Petrified         |       |       |       |       |     5 |       |       |       ||     5
         Confused          |       |       |       |       |       |     7 |     4 |     3 ||    14
 Armour: Leather armour    |    40 |    15 |       |       |       |       |    94 |    88 ||   237
         Ring mail         |       |    22 |    59 |   100 |   218 |   289 |    66 |       ||   754
         Scale mail        |       |       |       |    33 |       |       |       |       ||    33
         Quicksilver drago |       |       |       |       |       |       |    67 |       ||    67
  Dodge: Dodged            |   106 |    90 |   155 |   398 |   845 |   670 |   554 |   359 ||  3177
  Block: Buckler           |       |       |       |       |    78 |   509 |   163 |       ||   750
         Reflection        |       |       |       |       |     1 |     8 |    68 |     8 ||    85
         Kite shield       |       |       |       |       |       |       |   647 |   530 ||  1177

Table legend: (Time is in decaauts)
 A = Elapsed time spent in this place.
 B = Non-inter-level travel time spent in this place.
 C = Inter-level travel time spent in this place.
 D = Time resting spent in this place.
 E = Time spent auto-exploring this place.
 F = Levels seen in this place.
 G = Mean time per level.
                   A        B        C        D        E       F      G
               +--------+--------+--------+--------+--------+-----+--------+
         Total |  41527 |  38526 |   3001 |   2869 |  24146 |  51 |  814.3 |
       Dungeon |  14211 |  12968 |   1243 |    762 |   9320 |  15 |  947.4 |
        Temple |    123 |    114 |      9 |      0 |    112 |   1 |  123.0 |
          Lair |   5903 |   5467 |    436 |    218 |   3759 |   5 | 1180.6 |
         Swamp |   4042 |   3753 |    289 |    432 |   1931 |   4 | 1010.5 |
   Spider Nest |   3696 |   3536 |    160 |    336 |   2213 |   4 |  924.0 |
  Orcish Mines |   1634 |   1445 |    189 |    198 |    906 |   2 |  817.0 |
   Elven Halls |   3574 |   3088 |    486 |    117 |   1941 |   3 | 1191.3 |
        Vaults |   1507 |   1393 |    114 |      5 |    980 |   2 |  753.5 |
        Depths |   2766 |   2694 |     72 |    281 |   1450 |   4 |  691.5 |
           Zot |    424 |    424 |      0 |    102 |    122 |   2 |  212.0 |
         Abyss |   1293 |   1293 |      0 |    184 |    235 |   4 |  323.2 |
       Ossuary |     14 |     14 |      0 |      0 |      4 |   1 |   14.0 |
        Bailey |    229 |    229 |      0 |     34 |     12 |   1 |  229.0 |
      Ice Cave |    851 |    851 |      0 |     20 |    601 |   1 |  851.0 |
        Wizlab |    779 |    779 |      0 |    147 |    340 |   1 |  779.0 |
      Gauntlet |    474 |    474 |      0 |     32 |    217 |   1 |  474.0 |
               +--------+--------+--------+--------+--------+-----+--------+

Top non-repeatable levels by time:
   Elf:3: 1754 daAuts
  Lair:5: 1463 daAuts
 Swamp:1: 1439 daAuts
  Lair:3: 1401 daAuts
    D:10: 1347 daAuts
     D:3: 1316 daAuts
Vaults:1: 1315 daAuts
Spider:4: 1306 daAuts
     D:8: 1287 daAuts
     D:4: 1214 daAuts
  Lair:4: 1084 daAuts
   Elf:1: 1077 daAuts
     D:7: 1071 daAuts
     D:9: 1066 daAuts
 Swamp:4: 1054 daAuts
